 Dungeon Crawl Stone Soup version 0.25-a0-834-g55863b0b92 (webtiles) character file.

Game seed: 11043432492903980697, levelgen mode: deterministic

276 Esekla the Magician (level 6, 0/33 HPs)
             Began as a Tengu Venom Mage on Apr 22, 2020.
             Was an Initiate of Qazlal.
             Slain by an iguana (6 damage)
             ... on level 3 of the Dungeon.
             The game lasted 00:19:24 (2292 turns).

Esekla the Magician (Tengu Venom Mage)              Turns: 2292, Time: 00:19:25

Health: 0/33       AC:  4    Str:  8    XL:     6   Next: 25%
Magic:  0/12       EV: 12    Int: 18    God:    Qazlal [......]
Gold:   81         SH:  0    Dex: 14    Spells: 3/12 levels left

rFire    . . .     SeeInvis .   b - +0 dagger
rCold    . . .     Gourm    .   (no shield)
rNeg     . . .     Faith    .   f - +0 leather armour
rPois    .         Spirit   .   (helmet restricted)
rElec    .         Reflect  .   (no cloak)
rCorr    .         Harm     .   i - +0 pair of gloves
MR       .....                  (boots unavailable)
Stlth    ++........             (no amulet)
HPRegen  0.11/turn              (no ring)
MPRegen  0.13/turn              (no ring)

@: very slightly contaminated
A: beak, talons 3, able to fly
a: Fly, Renounce Religion


You were on level 3 of the Dungeon.
You worshipped Qazlal.
Qazlal was noncommittal.
You were not hungry.

You visited 1 branch of the dungeon, and saw 5 of its levels.

You collected 81 gold pieces.

Inventory:

Hand Weapons
 b - a +0 dagger (weapon)
Missiles
 g - 16 boomerangs (quivered)
Armour
 f - a +0 leather armour (worn)
 h - a +0 buckler
 i - a +0 pair of gloves (worn)
 o - cursed -2 fire dragon scales
Scrolls
 d - 2 scrolls of remove curse {unknown}
 e - 2 scrolls of random uselessness {unknown}
 j - a scroll of fog {unknown}
 l - a scroll of teleportation {unknown}
 n - a scroll of fear {unknown}
Potions
 a - a potion of lignification {unknown}
 k - a potion of brilliance {unknown}
 m - 4 potions of degeneration {unknown}
Comestibles
 c - 3 rations


   Skills:
 + Level 0.5 Fighting
 + Level 1.2 Short Blades
 * Level 1.9 Armour
 + Level 3.1 Dodging
 - Level 2.0 Stealth
 * Level 3.9 Spellcasting
 * Level 2.0 Conjurations
 - Level 0.7 Transmutations
 * Level 1.2 Fire Magic
 + Level 2.7 Air Magic
 - Level 3.0 Poison Magic


You had 3 spell levels left.
You knew the following spells:

 Your Spells              Type           Power        Failure   Level  Hunger
a - Sting                 Tmut/Pois      ##..         10%         1    None
c - Mephitic Cloud        Conj/Pois/Air  ##......     22%         3    ###....
n - Ignite Poison         Fire/Tmut/Pois #.......     32%         3    ###....
v - Poisonous Vapours     Pois/Air       ##....       10%         2    ##.....

Your spell library contained the following spells:

 Spells                   Type           Power        Failure   Level  Hunger
 Olgreb's Toxic Radiance  Pois           ##......     52%         4    ####...


Dungeon Overview and Level Annotations

Branches:
Dungeon (5/15)
 Temple: D:4-7

Altars:
Qazlal
Vehumet


Innate Abilities, Weirdness & Mutations

You have a beak for a mouth.
You have claws for feet.
You can fly continuously.


Message History

The orc wizard moves out of view.
An orc and 2 orc priests come into view.
There is an escape hatch in the ceiling here.
The iguana bites you!
* * * LOW HITPOINT WARNING * * *
A mysterious force pulls you upwards. The hatch slams shut behind you.
Casting: Poisonous Vapours (safe; 10% risk of failure)
Confirm with . or Enter, or press ? or * to list all spells.
Aiming: Sting (safe; 10% risk of failure)
Press: ? - help, Shift-Dir - straight line, f - iguana
Aim: an iguana (heavily wounded, poisoned)
The sting misses the iguana.
The iguana looks more healthy.
The iguana misses you.
You closely miss the iguana.
The iguana is severely wounded.
The iguana barely misses you.
You hit the iguana but do no damage. You claw the iguana, but do no damage.
The iguana is severely wounded.
The iguana bites you.
You die...

≈≈≈≈≈≈≈≈≈.
#.# ≈≈≈≈≈≈≈.
#...
≈≈≈≈≈≈......
≈≈.≈≈ .....
..≈.≈.#..#
..#.....#
#.l.....#
#@.....#
####.###


You could see an iguana.

Vanquished Creatures
  A centaur (D:4)
  A scorpion (D:5)
  2 worker ants
  5 adders
  An ooze (D:2)
  An adder skeleton (D:4)
  2 worms (D:2)
  2 dart slugs
  2 leopard geckos
  An orc (D:5)
  4 giant cockroaches
  2 goblins
  2 hobgoblins (D:2)
  2 jackals (D:4)
  4 kobolds
  A quokka (D:2)
  2 bats (D:2)
  A frilled lizard (D:2)
  A giant cockroach zombie (D:5)
  A leopard gecko skeleton (D:5)
  A quokka skeleton (D:5)
  3 rats
42 creatures vanquished.

Notes
Turn   | Place    | Note
-------+----------+-------------------------------------------
     0 | D:1      | Esekla the Tengu Venom Mage began the quest for the Orb.
     0 | D:1      | Reached XP level 1. HP: 10/10 MP: 4/4
   232 | D:2      | Reached XP level 2. HP: 15/15 MP: 4/6
   236 | D:2      | Learned a level 2 spell: Poisonous Vapours
   732 | D:2      | Reached skill level 1 in Air Magic
   781 | D:2      | Reached XP level 3. HP: 19/19 MP: 2/7
  1010 | D:2      | Reached XP level 4. HP: 23/24 MP: 4/9
  1016 | D:2      | Learned a level 3 spell: Mephitic Cloud
  1125 | D:2      | Reached skill level 1 in Armour
  1231 | D:2      | Reached skill level 1 in Conjurations
  1284 | D:2      | You fall into a shaft and drop 2 floors!
  1284 | D:4      | Noticed a centaur
  1335 | D:5      | Entered Level 5 of the Dungeon
  1555 | D:5      | Learned a level 3 spell: Ignite Poison
  1657 | D:5      | Gained mutation: You can fly continuously. [Tengu growth]
  1657 | D:5      | Reached XP level 5. HP: 20/28 MP: 5/11
  1712 | D:5      | Found a stormy altar of Qazlal.
  1714 | D:5      | Noticed a water elemental
  1715 | D:5      | Noticed a fire elemental
  1715 | D:5      | Noticed an air elemental
  1725 | D:5      | Became a worshipper of Qazlal Stormbringer
  1879 | D:5      | Found a radiant altar of Vehumet.
  2200 | D:4      | Reached skill level 1 in Short Blades
  2254 | D:4      | Killed a centaur
  2254 | D:4      | Reached skill level 1 in Fire Magic
  2254 | D:4      | Reached XP level 6. HP: 10/33 MP: 0/12
  2292 | D:3      | Slain by an iguana

Levels and vault maps discovered:
D:1:      wander_arrival_chamber, layout_loops_ring
D:2:      layout_loops_corners
D:3:      minmay_inner_zag, layout_loops_corners,
          chequers_ecumenical_altar_island, first_ration, uniq_ijyb
D:4:      layout_basic, grunt_temple_overflow_order_and_chaos_2,
          minmay_temple_entry_drinking_statues
D:5:      layout_basic, nicolae_overflow_crystal_walls, glass_columns_a,
          nicolae_qazlal_style_of_elements

Skill      XL: |  1  2  3  4  5 |
---------------+----------------+-----
Air Magic      | 1 2 |  2.7
Spellcasting   | 3 |  3.9
Armour         | 1 |  1.9
Dodging        | 3 |  3.1
Conjurations   | 1 2 |  2.0
Short Blades   | 1 |  1.2
Fire Magic     | 1 |  1.2
Fighting       | |  0.5
Stealth        | |  2.0
Transmutations | |  0.7
Poison Magic   | |  3.0

Action                   |  1- 3 |  4- 6 || total
-------------------------+-------+-------++-------
Melee: Dagger            |    41 |    34 ||    75
       Kick              |     9 |    11 ||    20
       Peck              |     1 |     5 ||     6
Throw: Boomerang         |       |     2 ||     2
 Cast: Sting             |     4 |     1 ||     5
       Poisonous Vapours |    15 |    25 ||    40
       Mephitic Cloud    |       |     2 ||     2
 Stab: Sleeping          |     1 |       ||     1
       Confused          |       |     1 ||     1
  Eat: Chunk             |     1 |     3 ||     4
       Ration            |       |     1 ||     1
Armor: Robe              |     1 |       ||     1
       Leather armour    |    14 |     7 ||    21
Dodge: Dodged            |    23 |    31 ||    54

Table legend:
 A = Non-vault XP
 B = Vault XP
 C = Vault XP percentage of total XP
 D = Non-vault monster count
 E = Vault monster count
 F = Vault count percentage of total count
                 A         B        C        D         E       F
            +---------+---------+-------+---------+---------+-------
      Total |     395 |       0 |   0.0 |      42 |       0 |   0.0
            +---------+---------+-------+---------+---------+-------
        D:1 |      14 |       0 |   0.0 |       7 |       0 |   0.0
        D:2 |      97 |       0 |   0.0 |      22 |       0 |   0.0
        D:4 |     168 |       0 |   0.0 |       7 |       0 |   0.0
        D:5 |     116 |       0 |   0.0 |       6 |       0 |   0.0
            +---------+---------+-------+---------+---------+-------
